 Dungeon Crawl Stone Soup version 0.28-a0-586-gbdb9d174a4 (webtiles) character file.

Game seed: 11305622067396534459

51427 Conn the Blocker (level 14, -2/81 HPs)
             Began as an Octopode Fire Elementalist on Oct 3, 2021.
             Was a High Priest of Sif Muna.
             Slain by a seven-headed hydra (15 damage)
             ... on level 6 of the Lair of Beasts.
             The game lasted 02:14:16 (27217 turns).

Conn the Blocker (Octopode Fire Elementalist)      Turns: 27217, Time: 02:14:19

Health: -2/81      AC:  3    Str:  9    XL:     14   Next: 59%
Magic:  10/39      EV: 14    Int: 31    God:    Sif Muna [*****.]
Gold:   598        SH: 20    Dex: 18    Spells: 4/37 levels left

rFire   + + +      SeeInvis +   x - +3 flail (protect)
rCold   + + .      Faith    .   a - +2 shield of Resistance {rF++ rC++ Will++}
rNeg    . . .      Spirit   .   N - +2 hat {Will+}
rPois   .          Reflect  +   v - amulet of reflection
rElec   .          Harm     .   P - ring of resist corrosion
rCorr   +          Rampage  .   t - +6 ring of intelligence
Will    ++++.                   z - ring of fire
Stlth   +++++.....              j - ring of wizardry
HPRegen 0.23/turn               E - +6 ring of dexterity
MPRegen 0.26/turn               F - ring of protection from cold
                                H - ring of magical power
                                m - ring of Devotion {Int+4 SInv}

@: forested, studying Shields
A: almost no armour, amphibious, 8 rings, camouflage 1, gelatinous body 1,
(nimble swimmer 1), tentacles
a: Renounce Religion, Channel Magic, Forget Spell, Divine Exegesis


You were on level 6 of the Lair of Beasts.
You worshipped Sif Muna.
Sif Muna was extremely pleased with you.
You visited 3 branches of the dungeon, and saw 19 of its levels.
You also visited: Bailey and Gauntlet.

You collected 1653 gold pieces.
You spent 1055 gold pieces at shops.

Inventory:

Hand Weapons
 g - a +0 dagger
 i - the +8 bardiche of Quick Death {vorpal, MP+9 Str+2}
   (You found it in a bailey)

   It inflicts extra damage upon your enemies.
   Str:       It affects your strength (+2).
   MP:        It affects your magic capacity (+9).
 l - the +6 dire flail of Savok {drain, rN+ MP+9 Str+6}
   (You bought it in a shop on level 2 of the Orcish Mines)

   A truly terrible weapon, it drains the life of any living foe it strikes.
   Str:       It affects your strength (+6).
   rN:        It protects you from negative energy.
   MP:        It affects your magic capacity (+9).
 x - a +3 flail of protection (weapon)
 L - the +7 great mace of Focus {vorpal, rElec rPois rN+ Str-5}
   (You found it in a Gauntlet)

   It inflicts extra damage upon your enemies.
   Str:       It affects your strength (-5).
   rElec:     It insulates you from electricity.
   rPois:     It protects you from poison.
   rN:        It protects you from negative energy.
 Q - a +7 short sword of electrocution
Missiles
 c - 15 silver javelins
 h - 66 poisoned darts
 B - 5 throwing nets
Armour
 a - the +2 shield of Resistance (worn) {rF++ rC++ Will++}
   (You acquired it on level 1 of the Orcish Mines)

   rF:        It greatly protects you from fire.
   rC:        It greatly protects you from cold.
   Will:      It greatly increases your willpower.
 N - a +2 hat of willpower (worn)
Magical Staves
 r - a staff of poison
 y - a staff of cold
Jewellery
 j - a ring of wizardry (on tentacle)
 m - the ring of Devotion (on tentacle) {Int+4 SInv}
   (You bought it in a shop on level 2 of the Orcish Mines)

   [ring of see invisible]

   Int:       It affects your intelligence (+4).
   SInv:      It lets you see invisible.
 o - a ring of protection from cold
 t - a +6 ring of intelligence (right tentacle)
 v - an amulet of reflection (around mantle)
 w - an amulet of the acrobat
 z - a ring of fire (on tentacle)
 E - a +6 ring of dexterity (on tentacle)
 F - a ring of protection from cold (on tentacle)
 H - a ring of magical power (on tentacle)
 P - a ring of resist corrosion (left tentacle)
 R - a +4 ring of evasion
Wands
 p - a wand of charming (7)
 s - a wand of flame (32)
 A - a wand of mindburst (18)
 C - a wand of paralysis (17)
 D - a wand of acid (10)
 I - a wand of polymorph (6)
 K - a wand of iceblast (9)
Scrolls
 b - 4 scrolls of enchant weapon
 M - 3 scrolls of teleportation
 S - 2 scrolls of enchant armour
 T - a scroll of identify
Potions
 d - 2 potions of attraction
 e - a potion of brilliance
 f - 3 potions of curing
 k - 2 potions of ambrosia
 n - 4 potions of might
 q - a potion of cancellation
 u - a potion of magic
 G - 2 potions of resistance
 J - a potion of flight
 O - a potion of mutation
 U - a potion of lignification


   Skills:
 + Level 2.7 Fighting
 + Level 1.7 Short Blades
 + Level 2.1 Maces & Flails
 + Level 4.2 Dodging
 + Level 7.6 Stealth
 * Level 12.7 Shields
 + Level 0.6 Unarmed Combat
 + Level 12.1 Spellcasting
 + Level 9.0 Conjurations
 + Level 4.6 Hexes
 + Level 3.7 Summonings
 + Level 11.4 Fire Magic
 + Level 4.0 Ice Magic
 + Level 4.2 Air Magic
 + Level 3.1 Poison Magic
 - Level 7.0 Invocations
 + Level 0.4 Evocations


You had 4 spell levels left.
You knew the following spells:

 Your Spells              Type           Power      Damage    Failure   Level
a - Foxfire               Conj/Fire      100%       2x1d9     1%          1
b - Conjure Flame         Conj/Fire      89%        6-21      1%          3
c - Inner Flame           Hex/Fire       80%        N/A       1%          3
d - Flame Wave            Conj/Fire      89%        3d15      1%          4
e - Scorch                Fire           100%       2d10      1%          2
f - Mephitic Cloud        Conj/Pois/Air  51%        N/A       1%          3
g - Hailstorm             Conj/Ice       56%        3d12      1%          4
h - Summon Lightning Spi  Summ/Air       43%        N/A       2%          4
i - Summon Ice Beast      Ice/Summ       43%        N/A       2%          4
j - Summon Forest         Summ/Tloc      15%        N/A       17%         5

Your spell library contained the following spells:

 Spells                   Type           Power      Damage    Failure   Level
 Animate Skeleton         Necr           36%        N/A       1%          1
 Apportation              Tloc           36%        N/A       1%          1
 Freeze                   Ice            100%       1d11      1%          1
 Magic Dart               Conj           100%       1d8       1%          1
 Summon Small Mammal      Summ           100%       N/A       1%          1
 Call Imp                 Summ           42%        N/A       1%          2
 Corpse Rot               Necr/Air       N/A        N/A       1%          2
 Ensorcelled Hibernation  Hex/Ice        90%        N/A       1%          2
 Poisonous Vapours        Pois/Air       82%        N/A       1%          2
 Slow                     Hex            47%        N/A       1%          2
 Static Discharge         Conj/Air       56%        N/A       1%          2
 Confusing Touch          Hex            47%        N/A       1%          3
 Frozen Ramparts          Ice            86%        1d10      1%          3
 Swiftness                Air            45%        N/A       1%          3
 Tukima's Dance           Hex            47%        N/A       1%          3
 Passwall                 Tmut/Erth      15%        N/A       2%          2
 Sublimation of Blood     Necr           9%         N/A       2%          2
 Wereblood                Tmut           18%        N/A       2%          2
 Ice Form                 Ice/Tmut       31%        N/A       6%          4
 Petrify                  Tmut/Erth      18%        N/A       14%         4
 Freezing Cloud           Conj/Ice/Air   26%        6-21      3%          5
 Summon Mana Viper        Hex/Summ       44%        N/A       7%          5
 Yara's Violent Unravell  Hex/Tmut       16%        3d8       16%         5
 Iron Shot                Conj/Erth      23%        9d5       32%         6
 Blade Hands              Tmut           9%         N/A       34%         5
 Summon Cactus Giant      Summ           21%        N/A       41%         6
 Summon Hydra             Summ           21%        N/A       91%         7
 Storm Form               Tmut/Air       15%        N/A       99%         7
 Maxwell's Capacitive Co  Air            22%        ∞         100%        8
 Summon Horrible Things   Summ           21%        N/A       100%        8
 Animate Armour           Summ/Erth      Unusable   N/A       N/A         4

Dungeon Overview and Level Annotations

Branches:
Dungeon (11/15)            Temple (0/1) D:5            Lair (6/6) D:11
 Shoals (0/4) Lair:3       Spider (0/4) Lair:4          Orc (2/2) D:9
    Elf (0/3) Orc:2        Bailey (visited)         Gauntlet (visited)
  Slime: Lair:5-6

Altars:
Gozag
Kikubaaqudgha
Okawaru
Qazlal
Ru
Sif Muna
Trog
Zin
Beogh

Shops:
D:7 !=**   D:9 =   Orc:1 (   Orc:2 =!**:

Annotations:
D:9 3 runed translucent doors, Zarri's ghost, novice TrBe
Orc:1 1 transporter


Innate Abilities, Weirdness & Mutations

You cannot wear most types of armour.
You are amphibious.
You can wear up to eight rings at the same time.
Your skin changes colour to match your surroundings (Stealth+).
Your rubbery body absorbs attacks. (AC +1, EV +1)
((You are camouflaged near water. (Stealth+)))
You have tentacles for arms and can constrict up to eight enemies at once.


Message History

Confirm with . or Enter, or press ? or * to list all spells.
You feel a surge of power!
You conjure some foxfire!
A root smacks the plant from below!
A tree reaches out and hits the plant!
A komodo dragon comes into view.
Your lightning spire is engulfed in blazing flames.
Unknown command.
Casting: Foxfire (safe; 1% risk of failure)
Confirm with . or Enter, or press ? or * to list all spells.
Casting: Hailstorm (mildly dangerous; 1% risk of failure)
Press: ? - help, Dir - look around, f - activate Really hailstorm near your dryad?
Okay, then.
Really wriggle into that cloud of flame? [Y]es or [N]o only, please.
Really wriggle into that cloud of flame?
You are engulfed in blazing flames.
You resist. The ice encasing you melts away.
The trees move their gnarly branches around.
A root smacks the plant from below!
The plant is hit by a branch!
The foxfire hits the seven-headed hydra.
Flame seeps out of the seven-headed hydra.
The seven-headed hydra is lightly wounded.
The foxfire hits the seven-headed hydra!
Flame seeps out of the seven-headed hydra.
The seven-headed hydra is lightly wounded.
The foxfire hits the seven-headed hydra!
Flame seeps out of the seven-headed hydra.
The seven-headed hydra is moderately wounded.
The foxfire hits the seven-headed hydra!
Flame seeps out of the seven-headed hydra.
The seven-headed hydra is heavily wounded.
The seven-headed hydra is engulfed in blazing flames.
Flame seeps out of the seven-headed hydra.
The seven-headed hydra barely misses you.
You block the seven-headed hydra's attack. x3
The seven-headed hydra bites you but does no damage.
The seven-headed hydra bites you!
* * * LOW HITPOINT WARNING * * *
The seven-headed hydra bites you!
You die...

##...#♣#..###
###.....P#....#
♣P.............#
#......≈♣#..P..P
##..#≈≈≈≈...#...
#...≈≈≈§.......
#...#R8§§.......
##..##§§☼.♣....P
#..##.§○@...k♣
##. ##♣#D..P....
. ##....P.. #.
....l.. ......#
#...P.# #..♣##
...


You could see a seven-headed hydra (inner flame, ally target), a komodo dragon,
a rime drake, a friendly dryad (summoned) and a friendly lightning spire
(summoned).

Vanquished Creatures
  A minotaur (Gauntlet)
  Erolcha (D:11)
  Harold (D:8)
  2 boulder beetles
  3 hydras
  A death yak (Lair:5)
  A two-headed ogre (D:11)
  3 orc high priests (Orc:2)
  Urug (D:10)
  Pikel (D:9)
  6 orc knights
  4 orc sorcerers (Orc:2)
  A moth of wrath (D:3)
  2 black mambas
  6 elephants
  Maurice (D:8)
  Joseph (D:8)
  2 gargoyles
  10 cane toads
  A torpor snail (Lair:3)
  5 rime drakes
  Maggie (D:8)
  5 komodo dragons
  6 polar bears
  3 meliai (Gauntlet)
  A hornet (D:7)
  6 trolls
  A steam dragon (D:9)
  22 blink frogs
  2 centaur simulacra (Gauntlet)
  2 redbacks (Lair:4)
  2 shadows (Gauntlet)
  9 wyverns
  26 yaks
  2 basilisks
  Eustachio (D:5)
  3 vampire mosquitoes (D:11)
  Edmund (D:5)
  A warg (Orc:1)
  An acid dragon (D:8)
  15 water moccasins
  31 orc warriors
  2 sky beasts (D:6)
  4 black bears
  17 wolves
  16 centaurs
  A necrophage (D:5)
  4 ogres
  A phantom (D:5)
  A kobold brigand (D:9)
  A wyvern zombie (D:8)
  14 bullfrogs
  Blork the orc (D:4)
  A scorpion (D:6)
  A hornet simulacrum (Gauntlet)
  10 killer bees
  7 wights
  5 howler monkeys (D:8)
  An electric eel (Lair:1)
  3 centaur zombies
  A centaur skeleton (D:6)
  18 orc priests
  2 hounds
  A jelly (D:6)
  2 iguanas
  17 orc wizards
  A hell rat (Lair:6)
  A howler monkey zombie (D:5)
  4 adders
  A shadow imp (D:8)
  2 white imps
  An adder skeleton (D:5)
  4 worms
  97 orcs
  A ball python (D:4)
  5 endoplasms
  6 giant cockroaches
  5 hobgoblins
  3 jackals (D:3)
  2 quokkas
  11 bats
  2 frilled lizards
  10 goblins
  6 kobolds
  5 rats
  3 bushes
496 creatures vanquished.

Vanquished Creatures (collateral kills)
  A hydra (Lair:1)
  A shadow (Gauntlet)
  2 yaks (Lair:6)
  An orc warrior (D:11)
  4 killer bees (D:11)
  2 orc priests (D:11)
  2 orc wizards (D:11)
  31 foxfires
44 creatures vanquished.

Vanquished Creatures (others)
  An acid dragon (D:9)
  2016 foxfires
  29 fungi
  68 plants
  14 withered plants (Gauntlet)
2128 creatures vanquished.

Grand Total: 2668 creatures vanquished

Notes
Turn   | Place    | Note
-------+----------+-------------------------------------------
     0 | D:1      | Conn the Octopode Fire Elementalist began the quest for the
                  | Orb.
     0 | D:1      | Reached XP level 1. HP: 11/11 MP: 3/3
   543 | D:1      | Reached XP level 2. HP: 17/17 MP: 1/5
   778 | D:1      | Found a faded altar of an unknown god.
  1471 | D:2      | Reached XP level 3. HP: 21/21 MP: 2/6
  2535 | D:3      | Noticed a moth of wrath
  2542 | D:3      | Learned a level 2 spell: Scorch
  2545 | D:3      | Found a bloodstained altar of Trog.
  2641 | D:3      | Reached XP level 4. HP: 21/27 MP: 0/7
  2760 | D:3      | Killed a moth of wrath
  2761 | D:3      | Reached skill level 1 in Short Blades
  2761 | D:3      | Reached XP level 5. HP: 32/32 MP: 0/10
  2761 | D:3      | Reached XP level 6. HP: 37/37 MP: 0/11
  2761 | D:3      | Reached XP level 7. HP: 42/42 MP: 0/12
  3268 | D:3      | Reached skill level 5 in Stealth
  3478 | D:3      | Got the Volume of the New World
  3513 | D:3      | Found a shimmering blue altar of Sif Muna.
  3519 | D:3      | Became a worshipper of Sif Muna the Loreminder
  3867 | D:3      | Learned a level 3 spell: Conjure Flame
  3871 | D:3      | Learned a level 3 spell: Inner Flame
  3876 | D:3      | Learned a level 4 spell: Flame Wave
  4114 | D:4      | Reached skill level 5 in Fire Magic
  4185 | D:4      | Noticed Blork the orc
  4193 | D:4      | Killed Blork the orc
  4194 | D:4      | Reached skill level 1 in Invocations
  5141 | D:5      | Entered Level 5 of the Dungeon
  5141 | D:5      | Noticed Edmund
  5161 | D:5      | Found an opulent altar of Gozag.
  5161 | D:5      | Killed Edmund
  5162 | D:5      | Reached XP level 8. HP: 42/47 MP: 7/14
  5531 | D:5      | Noticed Eustachio
  5537 | D:5      | Killed Eustachio
  5538 | D:5      | Reached skill level 1 in Fighting
  5538 | D:5      | Reached skill level 5 in Spellcasting
  5599 | D:5      | Found a staircase to the Ecumenical Temple.
  6259 | D:6      | Reached skill level 1 in Shields
  6327 | D:6      | Reached XP level 9. HP: 25/53 MP: 7/17
  6710 | D:6      | Found a sacrificial altar of Ru.
  6962 | D:6      | Reached * piety under Sif Muna
  7254 | D:7      | Found Caadubec's Distillery.
  7346 | D:7      | Reached skill level 1 in Hexes
  7462 | D:7      | Found Ohil Pog's Assorted Antiques.
  7464 | D:7      | Found Paujyditt's Jewellery Boutique.
  7466 | D:7      | Found Cyety's Assorted Antiques.
  7502 | D:7      | Bought a twisted emerald amulet for 100 gold pieces
  7588 | D:7      | Noticed a hornet
  7603 | D:7      | Killed a hornet
  7730 | D:7      | Reached skill level 5 in Invocations
  8495 | D:8      | Noticed Maurice
  8499 | D:8      | Killed Maurice
  8550 | D:8      | Reached XP level 10. HP: 60/60 MP: 8/19
  8954 | D:8      | Noticed Joseph
  9223 | D:8      | Killed Joseph
  9235 | D:8      | Paralysed by an orc warrior for 5 turns
  9456 | D:9      | Noticed Pikel
  9463 | D:9      | Killed Pikel
  9464 | D:9      | Reached skill level 5 in Conjurations
  9512 | D:9      | Learned a level 3 spell: Mephitic Cloud
  9524 | D:9      | Found a staircase to the Orcish Mines.
  9720 | D:9      | Reached skill level 1 in Poison Magic
  9763 | D:9      | Reached ** piety under Sif Muna
 10349 | D:8      | Noticed Harold
 10362 | D:8      | Killed Harold
 10363 | D:8      | Reached XP level 11. HP: 64/64 MP: 10/22
 10829 | D:9      | Noticed a two-headed ogre
 10829 | D:9      | Noticed a stone giant
 10829 | D:9      | Noticed Zarri's ghost (novice TrBe)
 10829 | D:9      | Found a runed translucent gate.
 10829 | D:9      | Found a runed translucent gate.
 10829 | D:9      | Found a runed translucent gate.
 10843 | D:9      | Found an ancient bone altar of Kikubaaqudgha.
 10926 | D:9      | Found a stormy altar of Qazlal.
 10997 | D:9      | Reached skill level 1 in Maces & Flails
 11021 | D:9      | Found Lotsorch's Jewellery Shop.
 11370 | D:9      | Found an iron altar of Okawaru.
 11510 | D:7      | Bought a ring of magical power for 260 gold pieces
 11519 | D:8      | Noticed Maggie
 11528 | D:8      | Killed Maggie
 11663 | Orc:1    | Entered Level 1 of the Orcish Mines
 11664 | Orc:1    | Noticed an orc knight
 11677 | Orc:1    | Reached skill level 5 in Shields
 11681 | Orc:1    | Killed an orc knight
 11682 | Orc:1    | Reached skill level 1 in Air Magic
 11725 | Orc:1    | Found a transporter.
 11731 | Orc:1    | Noticed a moth of wrath
 11746 | Orc:1    | Reached *** piety under Sif Muna
 11836 | Orc:1    | Found Oheg's Firing Range.
 11938 | Orc:1    | Noticed a moth of wrath
 12012 | Orc:1    | Identified a scroll of acquirement
 12012 | Orc:1    | Acquired the +2 shield of Resistance {rF++ rC++ Will++}
 12012 | Orc:1    | Found the +2 shield of Resistance {rF++ rC++ Will++}
 12091 | Orc:1    | Found a flagged portal.
 12104 | Bailey   | Entered a bailey
 12294 | Bailey   | Learned a level 4 spell: Hailstorm
 12638 | Bailey   | Reached **** piety under Sif Muna
 12640 | Bailey   | Reached skill level 1 in Ice Magic
 12979 | Bailey   | Identified the +8 bardiche of Quick Death {vorpal, MP+9
                  | Str+2}
 13331 | Orc:1    | Noticed a moth of wrath
 13358 | Orc:1    | Noticed a moth of wrath
 13358 | Orc:1    | Noticed an ettin
 13487 | Orc:2    | Entered Level 2 of the Orcish Mines
 13489 | Orc:2    | Noticed an orc knight
 13499 | Orc:2    | Killed an orc knight
 13610 | Orc:2    | Found Taser's Jewellery Boutique.
 13641 | Orc:2    | Found a staircase to the Elven Halls.
 14044 | Orc:2    | Noticed an orc sorcerer
 14047 | Orc:2    | Noticed an orc high priest
 14051 | Orc:2    | Killed an orc sorcerer
 14059 | Orc:2    | Noticed an orc knight
 14208 | Orc:2    | Noticed an orc knight
 14215 | Orc:2    | Killed an orc knight
 14215 | Orc:2    | Killed an orc knight
 14216 | Orc:2    | Reached XP level 12. HP: 70/70 MP: 11/24
 14348 | Orc:2    | Noticed a soul eater
 14348 | Orc:2    | Noticed a sun demon
 14352 | Orc:2    | Killed an orc high priest
 14486 | Orc:2    | Learned a level 4 spell: Summon Lightning Spire
 14595 | Orc:2    | Reached skill level 1 in Summonings
 14721 | Orc:2    | Found Nouvogg's Distillery.
 14725 | Orc:2    | Noticed an orc high priest
 14735 | Orc:2    | Noticed an orc high priest
 14744 | Orc:2    | Killed an orc high priest
 15148 | Orc:2    | Killed an orc high priest
 15432 | Orc:2    | Found Toeck's Assorted Antiques.
 15437 | Orc:2    | Found Fyalotosk's Book Emporium.
 15441 | Orc:2    | Found Kaesunong's Assorted Antiques.
 15510 | Orc:2    | Bought a crystal dire flail for 270 gold pieces
 15510 | Orc:2    | Identified the +6 dire flail of Savok {drain, rN+ MP+9
                  | Str+6} (You bought it in a shop on level 2 of the Orcish
                  | Mines)
 16014 | Orc:2    | Bought the ring of Devotion {Int+4 SInv} for 425 gold
                  | pieces
 16102 | D:10     | Entered Level 10 of the Dungeon
 16199 | D:10     | Noticed Urug
 16368 | D:10     | Killed Urug
 16502 | D:10     | Noticed a boulder beetle
 16531 | D:10     | Killed a boulder beetle
 16887 | D:11     | Reached ***** piety under Sif Muna
 17144 | D:11     | Found a staircase to the Lair.
 17169 | D:11     | Reached skill level 10 in Fire Magic
 17200 | D:11     | Reached skill level 10 in Spellcasting
 17782 | D:11     | Reached XP level 13. HP: 74/74 MP: 27/27
 18045 | D:11     | Noticed Erolcha
 18056 | D:11     | Killed Erolcha
 18056 | D:11     | Received a gift from Sif Muna
 18395 | Lair:1   | Entered Level 1 of the Lair of Beasts
 18406 | Lair:1   | Learned a level 4 spell: Summon Ice Beast
 19094 | Lair:1   | Acquired a +0 hat of willpower
 19766 | Lair:2   | Reached skill level 10 in Shields
 20100 | Lair:2   | Found a glowing silver altar of Zin.
 20522 | Lair:1   | Learned a level 5 spell: Summon Forest
 20953 | Lair:2   | Received a gift from Sif Muna
 20958 | Lair:2   | Got Sif Muna's Grimoire of Flight {god gift}
 22144 | Lair:3   | Reached XP level 14. HP: 64/81 MP: 12/29
 22718 | Lair:3   | Found a staircase to the Shoals.
 23408 | Lair:4   | Found a gate leading to a gauntlet.
 23475 | Gauntlet | Entered a Gauntlet
 23475 | Gauntlet | Found a runed translucent door.
 23475 | Gauntlet | Found a transporter.
 23475 | Gauntlet | Found a runed translucent door.
 23475 | Gauntlet | Found a transporter.
 23475 | Gauntlet | Found a transporter.
 23480 | Gauntlet | Found a transporter.
 23483 | Gauntlet | Found a transporter.
 23486 | Gauntlet | Found a transporter.
 23494 | Gauntlet | Found a transporter.
 23495 | Gauntlet | Found a transporter.
 23496 | Gauntlet | Found a transporter.
 23497 | Gauntlet | Found a transporter.
 23505 | Gauntlet | Found a transporter.
 23505 | Gauntlet | Found a transporter.
 23836 | Gauntlet | Identified the +7 great mace of Focus {vorpal, rElec rPois
                  | rN+ Str-5}
 23921 | Gauntlet | Identified the -5 pair of boots of the Last Cities {Str+10
                  | Int-4 Dex-3}
 24226 | Gauntlet | Got the Tome of Companions
 25256 | Lair:4   | Found a hole to the Spider Nest.
 26623 | Lair:6   | Entered Level 6 of the Lair of Beasts
 27217 | Lair:6   | Slain by a seven-headed hydra

Illustrated notes

Levels and vault maps discovered:
D:1:      nzn_arrival_crosshair, layout_basic,
          hellmonk_ecumenical_altar_leap_of_faith, serial_co_window_serial,
          co_window_corner_a, co_window_of_opportunity_a, co_window_paths_b,
          co_window_paths_a, co_window_corner_a, co_window_corner_b,
          co_window_corner_b, co_window_of_opportunity_b, co_window_2corner,
          co_window_corner_cb, co_window_4corner_b
D:2:      layout_loops_cross
D:3:      layout_loops_corners, kennysheep_orc_sif_temple, tgw_trog,
          minmay_misc_feat_four_crosses
D:4:      minmay_general_purpose_star, layout_loops_ring, uniq_blork_the_orc
D:5:      layout_rooms, mainiacjoe_overflow_brackets,
          hangedman_decor_peaks_small, chequers_serial_rivers_micro_b,
          uniq_edmund, uniq_eustachio
D:6:      layout_loops_corners, mainiacjoe_overflow_six_doors_small
D:7:      layout_rooms, serial_shops, nicolae_shop_crystal, shop_statue,
          nicolae_shop_stone, shop, serial_aquarium, aquarium_bridge_straight
          [aquarium_subvault_bridge, aquarium_subvault_balcony,
          aquarium_subvault_bridge, aquarium_subvault_window],
          aquarium_bridge_square [aquarium_subvault_wall,
          aquarium_subvault_bridge, aquarium_subvault_window,
          aquarium_subvault_wall], aquarium_window_1, aquarium_window_1,
          aquarium_window_corridor_1, aquarium_view_2d, aquarium_view_2a,
          aquarium_balcony_1b, aquarium_pool_corner
D:8:      layout_gridville, uniq_maurice, uniq_joseph, uniq_harold, uniq_maggie
D:9:      layout_cave_pools, kennysheep_little_box,
          mainiacjoe_overflow_large_starburst, minmay_orc_entry_temple_small,
          serial_shops, nicolae_shop_waterfront, gammafunk_ghost_split,
          uniq_pikel
D:10:     layout_rooms, uniq_urug
D:11:     layout_loops_ring, minmay_lair_entry_grove, special_room
          [special_room_orc], uniq_erolcha
Lair:1:   layout_cave_shapes, serial_bayou_crossing, lemuel_fruit_tree,
          serial_bayou_shore_a
Lair:2:   layout_regular_city, nicolae_volcano_entry_two_sided, basic_altar,
          beast_lair_carwin_9
Lair:3:   layout_regular_city, elwin_shoals_entry_rocks
Lair:4:   layout_roguey, spider_nest_entry_funnel_web, gauntlet_entry_generic,
          st_stairs_3
Lair:5:   layout_hall_layers, grunt_megastairs_3
Lair:6:   hangedman_lair_in_review, layout_loops_ring, wormcave, slime_altar_2,
          kennysheep_rathole
Orc:1:    emtedronai_trogs_sanctum, layout_caves, enter_bailey_5,
          nicolae_shop_firing_range
Orc:2:    st_orc_elflike, layout_diamond_mine, serial_shops, nicolae_shop_trees

Skill      XL: |  1  2  3  4  5  6  7  8  9 10 11 12 13 14 |
---------------+-------------------------------------------+-----
Stealth        | 3 4 5 6 7 |  7.6
Short Blades   | 1 |  1.7
Spellcasting   | 3 4 5 6 7 8 10 11 12 | 12.1
Conjurations   | 2 3 4 5 6 7 8 9 |  9.0
Fire Magic     | 4 5 6 7 8 9 10 11 | 11.4
Invocations    | 2 3 5 6 7 |  7.0
Fighting       | 1 2 |  2.7
Dodging        | 3 4 |  4.2
Shields        | 1 2 4 6 8 11 12 | 12.7
Hexes          | 1 2 3 4 |  4.6
Poison Magic   | 1 2 3 |  3.1
Maces & Flails | 1 2 |  2.1
Air Magic      | 1 3 4 |  4.2
Ice Magic      | 3 4 |  4.0
Summonings     | 3 |  3.7
Unarmed Combat | |  0.6
Evocations     | |  0.4

Action                   |  1- 3 |  4- 6 |  7- 9 | 10-12 | 13-15 || total
-------------------------+-------+-------+-------+-------+-------++-------
Melee: Unarmed           |    14 |       |       |       |       ||    14
       Constrict         |     8 |       |    14 |     5 |    10 ||    37
       Tentacles         |     4 |       |     8 |     4 |     8 ||    24
       Dagger            |    18 |       |    34 |       |       ||    52
       Flail             |       |       |     9 |    19 |    35 ||    63
 Cast: Foxfire           |    50 |       |   161 |   514 |   439 ||  1164
       Scorch            |     3 |     6 |    10 |    10 |       ||    29
       Inner Flame       |       |       |    15 |    69 |    68 ||   152
       Conjure Flame     |       |       |     6 |       |     4 ||    10
       Flame Wave        |       |       |     2 |    16 |    22 ||    40
       Mephitic Cloud    |       |       |       |    40 |     7 ||    47
       Hailstorm         |       |       |       |     6 |     6 ||    12
       Summon Lightning  |       |       |       |     7 |    11 ||    18
       Summon Ice Beast  |       |       |       |       |     4 ||     4
       Summon Forest     |       |       |       |       |     1 ||     1
Invok: Channel Magic     |       |       |       |     1 |       ||     1
Evoke: Wand              |       |       |       |     9 |     1 ||    10
  Use: Potion            |       |       |     4 |     1 |     4 ||     9
       Scroll            |       |       |     2 |    10 |    14 ||    26
 Stab: Sleeping          |     4 |       |     7 |       |       ||    11
       Confused          |       |       |       |     1 |       ||     1
Armor: Skin              |     8 |       |     9 |     3 |    11 ||    31
Dodge: Dodged            |    37 |       |    47 |    37 |    41 ||   162
Block: Buckler           |       |       |    15 |    19 |       ||    34
       Reflection        |       |       |     1 |     9 |       ||    10
       Kite shield       |       |       |       |    42 |   113 ||   155

Table legend: (Time is in decaauts)
 A = Elapsed time spent in this place.
 B = Non-inter-level travel time spent in this place.
 C = Inter-level travel time spent in this place.
 D = Time resting spent in this place.
 E = Time spent auto-exploring this place.
 F = Levels seen in this place.
 G = Mean time per level.
                   A        B        C        D        E       F      G
               +--------+--------+--------+--------+--------+-----+--------+
         Total |  27235 |  26776 |    459 |   4127 |  15519 |  21 | 1296.9 |
       Dungeon |  14024 |  13814 |    210 |   1641 |   9103 |  11 | 1274.9 |
          Lair |   8027 |   7900 |    127 |    826 |   5264 |   6 | 1337.8 |
  Orcish Mines |   3330 |   3209 |    121 |    932 |   1060 |   2 | 1665.0 |
        Bailey |   1056 |   1056 |      0 |    486 |     80 |   1 | 1056.0 |
      Gauntlet |    797 |    797 |      0 |    242 |     12 |   1 |  797.0 |
               +--------+--------+--------+--------+--------+-----+--------+

Top non-repeatable levels by time:
   Orc:2: 2317 daAuts
  Lair:2: 2055 daAuts
     D:8: 1918 daAuts
     D:3: 1915 daAuts
  Lair:1: 1658 daAuts
    D:11: 1540 daAuts
     D:1: 1453 daAuts
     D:6: 1337 daAuts
     D:9: 1333 daAuts
  Lair:5: 1320 daAuts
  Lair:3: 1313 daAuts
     D:7: 1289 daAuts
  Lair:4: 1258 daAuts
  Bailey: 1056 daAuts
   Orc:1: 1012 daAuts
